 Dungeon Crawl Stone Soup version 0.18.1-48-g4cf74bf (webtiles) character file.

81 Alarkh the Poker (level 4, 0/33 HPs)
             Began as a Mummy Skald on July 27, 2016.
             Slain by an adder (5 damage)
             ... on level 3 of the Dungeon.
             The game lasted 00:03:05 (1686 turns).

Alarkh the Poker (Mummy Skald)                      Turns: 1686, Time: 00:03:05

Health: 0/33       AC:  4    Str: 15    XL:     4   Next: 20%
Magic:  5/7        EV: 11    Int: 12    God:
Gold:   128        SH:  0    Dex: 11    Spells: 3 memorised, 1 level left

rFire  x . .     SeeInvis .     a - +0 spear
rCold  + . .     Gourm    .     b - +0 leather armour
rNeg   + + +     Faith    .     (no shield)
rPois  ∞         Spirit   .     (no helmet)
rElec  .         Dismiss  .     f - +0 cloak
rCorr  .         Reflect  .     (no gloves)
SustAt .         Harm     .     (no boots)
MR     .....                    (no amulet)
Stlth  +.........               (no ring)
                                (no ring)

@: glowing, not resistant to hostile enchantments, very unstealthy
A: no food or potions, fire vulnerability, cold resistance 1, negative energy
resistance 3, torment resistance, unbreathing
a: no special abilities


You were on level 3 of the Dungeon.
You were not hungry.

You visited 1 branch of the dungeon, and saw 3 of its levels.

You collected 128 gold pieces.

Inventory:

Hand Weapons
 a - a +0 spear (weapon)
Armour
 b - a +0 leather armour (worn)
 f - a +0 cloak (worn)
Scrolls
 d - a scroll of fog
 e - a scroll of amnesia
 g - a scroll of remove curse
 h - a scroll of noise {unknown}
 i - a scroll of identify {unknown}
 j - a scroll of recharging {unknown}
Books
 c - a book of Battle

   Spells                             Type                      Level
   a - Infusion                       Charms                       1
   b - Shroud of Golubria             Charms/Translocation         2
   c - Song of Slaying                Charms                       2
   d - Spectral Weapon                Hexes/Charms                 3
   e - Regeneration                   Charms/Necromancy            3


   Skills:
 - Level 2.0 Fighting
 + Level 3.7 Polearms
 - Level 0.7 Armour
 - Level 0.7 Dodging
 - Level 2.0 Spellcasting
 - Level 2.4 Charms


You had one spell level left.
You knew the following spells:

 Your Spells              Type           Power        Failure   Level  Hunger
a - Infusion              Chrm           #...         14%         1    N/A
b - Shroud of Golubria    Chrm/Tloc      #.........   34%         2    N/A
c - Spectral Weapon       Hex/Chrm       #.......     69%         3    N/A

Dungeon Overview and Level Annotations

Branches:
Dungeon (3/15)

Altars:
Elyvilon
Fedhas
Kikubaaqudgha
Makhleb
Xom

Annotations:
D:3 Grinder; Sl000nik's ghost, amateur SpEn


Innate Abilities, Weirdness & Mutations

You do not eat or drink.
Your flesh is vulnerable to fire.
You are immune to poison.
Your flesh is cold resistant.
You are immune to negative energy.
You are immune to unholy pain and torment.
You can survive without breathing.


Message History

Your spectral weapon fades away.
Found a leather armour.
Grinder gestures at you.
You suddenly lose the ability to move!
Sl000nik's ghost (amateur Spriggan Enchanter) comes into view.
It is wielding a weapon of draining.
Sl000nik's ghost turns its malevolent gaze towards you.
Grinder says, "Just stop there for a second..."
An adder comes into view.
Sl000nik's ghost hits you.
* * * LOW HITPOINT WARNING * * *
Sl000nik's ghost hits you but does no damage. x2
Grinder hits you.
* * * LOW HITPOINT WARNING * * *
You can move again.
Sl000nik's ghost barely misses you. The adder closely misses you.
Sl000nik's ghost points at you and mumbles some strange words.
You are outlined in light.
The adder closely misses you. Grinder hits you.
* * * LOW HITPOINT WARNING * * *
The adder bites you.
You die...

#.### ..# #.#.. #.#
#.#.# #.# #.#.# #.#
#.#.# #.# #.#.#
######.####.#<# #.
#.WS@......(..#
....###5###...^.....#
.............###.##.#
.......5.##.## #.##.#
####.#......####.##.#
#.#.###..#....##.#
#... #.....####.#
#.#. #..#..# #.#
#[#..)...#5.#


You could see Grinder, Sl000nik's ghost and an adder.

Vanquished Creatures
  3 adders (D:2)
  An ooze (D:2)
  A dart slug (D:1)
  A giant gecko (D:1)
  A ball python (D:2)
  3 giant cockroaches
  8 goblins
  7 hobgoblins
  2 quokkas (D:2)
  5 bats
  4 giant newts
  3 kobolds
  6 rats
45 creatures vanquished.

Notes
Turn   | Place    | Note
--------------------------------------------------------------
     0 | D:1      | Alarkh the Mummy Skald began the quest for the Orb.
     0 | D:1      | Reached XP level 1. HP: 16/16 MP: 3/3
   121 | D:1      | Reached skill level 2 in Polearms
   265 | D:1      | Reached XP level 2. HP: 20/22 MP: 1/5
   284 | D:1      | You fall through a shaft!
   605 | D:1      | Reached XP level 3. HP: 21/27 MP: 0/6
   609 | D:1      | Learned a level 2 spell: Shroud of Golubria
   613 | D:1      | Learned a level 3 spell: Spectral Weapon
   733 | D:2      | Reached skill level 3 in Polearms
  1065 | D:2      | Found a blossoming altar of Fedhas.
  1068 | D:2      | Found a white marble altar of Elyvilon.
  1068 | D:2      | Found a shimmering altar of Xom.
  1070 | D:2      | Found an ancient bone altar of Kikubaaqudgha.
  1070 | D:2      | Found a burning altar of Makhleb.
  1076 | D:2      | Reached XP level 4. HP: 24/33 MP: 3/7
  1400 | D:3      | Noticed Grinder
  1400 | D:3      | Paralysed by Grinder for 3 turns
  1443 | D:3      | Paralysed by Grinder for 2 turns
  1650 | D:3      | Paralysed by Grinder for 4 turns
  1664 | D:3      | Paralysed by Grinder for 3 turns
  1675 | D:3      | Paralysed by Grinder for 7 turns
  1676 | D:3      | Noticed Sl000nik's ghost (amateur SpEn)
  1686 | D:3      | Slain by an adder

Skill      XL: |  1  2  3 |
---------------+----------+-----
Polearms       | 2 3 |  3.7
Fighting       | |  2.0
Armour         | |  0.7
Dodging        | |  0.7
Spellcasting   | |  2.0
Charms         | |  2.4

Action                   |  1- 3 |  4- 6 || total
-------------------------+-------+-------++-------
Melee: Spear             |   101 |    32 ||   133
 Cast: Infusion          |    20 |    10 ||    30
       Shroud of Golubri |       |     3 ||     3
       Spectral Weapon   |       |     1 ||     1
  Use: Scroll            |     3 |       ||     3
 Stab: Sleeping          |     2 |       ||     2
Armor: Leather armour    |    18 |     6 ||    24
Dodge: Dodged            |    50 |    15 ||    65
